 Dungeon Crawl Stone Soup version 0.26-a0-53-g45f243fec8 (console) character file.

Game seed: 17752390614081484332

88 Morrissey the Chopper (level 4, -9/40 HPs)
             Began as a Hill Orc Fighter on June 7, 2020.
             Engulfed by a cloud of flame (23 damage)
             ... on level 3 of the Dungeon.
             The game lasted 00:02:12 (1932 turns).

Morrissey the Chopper (Hill Orc Fighter)            Turns: 1932, Time: 00:02:13

Health: -9/40      AC:  9    Str: 19    XL:     4   Next: 53%
Magic:  4/4        EV:  7    Int:  8    God:
Gold:   100        SH:  9    Dex: 10    Spells: 3/3 levels left

rFire    . . .     SeeInvis .   a - +0 war axe
rCold    . . .     Gourm    .   c - +0 kite shield
rNeg     . . .     Faith    .   b - +0 scale mail
rPois    .         Spirit   .   (no helmet)
rElec    .         Reflect  .   (no cloak)
rCorr    .         Harm     .   (no gloves)
MR       .....                  i - +1 pair of boots
Stlth    ..........             (no amulet)
HPRegen  0.13/turn              (no ring)
MPRegen  0.09/turn              (no ring)

@: no status effects
A: no striking features
a: no special abilities


You were on level 3 of the Dungeon.
You were not hungry.

You visited 1 branch of the dungeon, and saw 3 of its levels.

You collected 100 gold pieces.

Inventory:

Hand Weapons
 a - a +0 war axe (weapon)
Missiles
 e - 6 poisoned darts (quivered)
Armour
 b - a +0 scale mail (worn)
 c - a +0 kite shield (worn)
 i - a +1 pair of boots (worn)
Potions
 d - a potion of might
 g - a potion of stabbing
 h - 2 potions of magic
Comestibles
 f - 5 rations


   Skills:
 + Level 4.2 Fighting
 * Level 4.4 Axes
 + Level 3.8 Armour
 + Level 3.8 Shields


You had 3 spell levels left.
You didn't know any spells.
Your spell library contained the following spells:

 Spells                   Type           Power        Failure   Level  Hunger
 Confusing Touch          Hex            #.......     100%        3    ####...
 Gell's Gravitas          Tloc           #.........   100%        3    ####...
 Petrify                  Tmut/Erth      #.......     100%        4    #####..
 Metabolic Englaciation   Hex/Ice        #.........   100%        5    ######.
 Yara's Violent Unravell  Hex/Tmut       #.........   100%        5    ######.


Dungeon Overview and Level Annotations

Branches:
Dungeon (3/15)

Altars:
Yredelemnul


Message History

You feel agile.
You drop a -4 ring of dexterity.
You don't know any spells.
Okay, then.
All of the chunks of flesh in your inventory have rotted away.
j - a scroll labeled ENOLIAJ CIXIO A rat and a giant cockroach come into view.
The rat moves out of view.
As you read the scroll labeled ENOLIAJ CIXIO, it crumbles to dust.
The creatures around you are filled with an inner flame!
It was a scroll of immolation.
You block the giant cockroach's attack.
You slash the giant cockroach!
The giant cockroach explodes!
The fiery explosion engulfs you!!
Ouch! That really hurt!
* * * LOW HITPOINT WARNING * * *
You are engulfed in blazing flames.
Ouch! That really hurt!
You die...

#..##.##.#.# #.#
#..##.##.#.## #%#
#..##.##.#.#. ...
#..##.##.#.#.
#%####............
#.................
#§###.####.#..#.#.
#§# #.####.#..#.#.
#@# #.............
#.###.####.#..###=
#.............##..
#.###.####.##.##..
#.###...##.##.##..
#..###........##..
#..# #..##.##.##..
#..# #..##.##.....
#..# #..##.##.##.#


There were no monsters in sight!

Vanquished Creatures
  Terence (D:2)
  An adder (D:2)
  An ooze (D:2)
  2 worms (D:2)
  2 dart slugs (D:2)
  A leopard gecko (D:1)
  2 giant cockroaches
  4 goblins
  10 hobgoblins
  2 quokkas (D:2)
  A bat (D:2)
  2 frilled lizards
  3 kobolds
  3 rats
35 creatures vanquished.

Notes
Turn   | Place    | Note
-------+----------+-------------------------------------------
     0 | D:1      | Morrissey the Hill Orc Fighter began the quest for the Orb.
     0 | D:1      | Reached XP level 1. HP: 19/19 MP: 1/1
   300 | D:1      | Reached XP level 2. HP: 20/27 MP: 2/2
  1027 | D:2      | Reached XP level 3. HP: 28/33 MP: 3/3
  1028 | D:2      | Noticed Terence
  1038 | D:2      | Killed Terence
  1272 | D:2      | Reached XP level 4. HP: 27/40 MP: 4/4
  1843 | D:3      | Found a basalt altar of Yredelemnul.
  1932 | D:3      | Engulfed by a cloud of flame

Illustrated notes

Levels and vault maps discovered:
D:1:      wander_arrival_estate, layout_loops_ring, serial_rivers,
          chequers_serial_rivers_room_a, chequers_serial_rivers_micro_d,
          chequers_serial_rivers_micro_c, chequers_serial_rivers_small_b,
          chequers_serial_rivers_room_b, chequers_serial_rivers_large_a
D:2:      layout_rooms, minmay_crystal_room, due_unseen_surprise, uniq_terence
D:3:      lemuel_upstairs_altar, layout_basic, nicolae_overflow_crystal_walls,
          okawaru_trees_2, lemuel_doored_altar, minmay_misc_feat_columns

Skill      XL: |  1  2  3 |
---------------+----------+-----
Axes           | 3 4 |  4.4
Fighting       | 4 |  4.2
Armour         | |  3.8
Shields        | |  3.8

Action                   |  1- 3 |  4- 6 || total
-------------------------+-------+-------++-------
Melee: War axe           |    68 |    36 ||   104
  Use: Scroll            |     1 |     6 ||     7
  Eat: Chunk             |     1 |     2 ||     3
Armor: Scale mail        |    26 |    12 ||    38
Dodge: Dodged            |    19 |     6 ||    25
Block: Kite shield       |    34 |    14 ||    48

Table legend:
 A = Non-vault XP
 B = Vault XP
 C = Vault XP percentage of total XP
 D = Non-vault monster count
 E = Vault monster count
 F = Vault count percentage of total count
                 A         B        C        D         E       F
            +---------+---------+-------+---------+---------+-------
      Total |      90 |      36 |  28.6 |      34 |       1 |   2.9
            +---------+---------+-------+---------+---------+-------
        D:1 |      21 |       0 |   0.0 |      12 |       0 |   0.0
        D:2 |      64 |      36 |  36.0 |      19 |       1 |   5.0
        D:3 |       5 |       0 |   0.0 |       3 |       0 |   0.0
            +---------+---------+-------+---------+---------+-------
